 Dungeon Crawl Stone Soup version 0.31.0-11-ge490571c62 (webtiles) character file.

Game seed: 17758486526249964687

66 sanka the Digger (level 4, -4/24 HPs)
             Began as a Gargoyle Earth Elementalist on Jan 28, 2024.
             Slain by a gnoll
             ... wielding a +0 spear
              (6 damage)
             ... on level 2 of the Dungeon.
             The game lasted 00:01:42 (960 turns).

sanka the Digger (Gargoyle Earth Elementalist)       Turns: 960, Time: 00:01:42

Health: -4/24      AC:  5    Str: 11    XL:     4   Next: 15%
Magic:  3/8        EV: 11    Int: 18    God:
Gold:   44         SH:  0    Dex: 10    Spells: 7/8 levels left

rFire   . . .        c - +0 short sword
rCold   . . .        (no shield)
rNeg    + . .        a - +0 robe
rPois   ∞            (no helmet)
rElec   +            (no cloak)
rCorr   .            (no gloves)
SInv    .            (no boots)
Will    .....        (no amulet)
Stlth   ++           (no ring)
HPRegen 0.24/turn    (no ring)
MPRegen 0.11/turn

%: no passive effects
@: no status effects
A: sickness immunity, AC +3, negative energy resistance 1, electricity
resistance, torment resistance 1, petrification resistance
a: no special abilities


You were on level 2 of the Dungeon.
You visited 1 branch of the dungeon, and saw 2 of its levels.

You collected 44 gold pieces.


Innate Abilities, Weirdness & Mutations

You are immune to sickness and miasma.
Your stone body is resilient. (AC +3)
You are immune to poison.
You resist negative energy. (rN+)
You are resistant to electric shocks. (rElec)
You are resistant to unholy torment.
You are immune to petrification.


   Skills:
 - Level 1.5 Dodging
 - Level 2.1 Stealth
 + Level 2.8 Spellcasting
 + Level 2.5 Conjurations
 + Level 4.5 Earth Magic


You had 7 spell levels left.
You knew the following spells:

 Your Spells              Type           Power      Damage    Failure   Level
z - Sandblast             Erth           36%        2d10      2%          1

Your spell library contained the following spells:

 Spells                   Type           Power      Damage    Failure   Level
 Passwall                 Erth           18%        N/A       8%          3
 Stone Arrow              Conj/Erth      30%        3d8       12%         3
 Brom's Barrelling Bould  Conj/Erth      15%        2d4       36%         4
 Petrify                  Alch/Erth      10%        N/A       54%         4

Inventory:

Hand Weapons
 c - a +0 short sword (weapon)
Armour
 a - a +0 robe (worn)
Scrolls
 d - a scroll of revelation {unknown}
 e - 3 scrolls of identify {unknown}
 h - a scroll of noise {unknown}
 i - a scroll of immolation {unknown}
Potions
 b - a potion of magic
 f - a potion of degeneration {unknown}
 g - a potion of haste {unknown}
 j - a potion of curing {unknown}

Dungeon Overview and Level Annotations

Branches:
Dungeon (2/15)

Altars:

.... .........▒ .. ....
.........▒▒ ....
...............▒▒.....
...▒...† ........▒......▒
......... ...▒...........
......▒..▒▒▒▒.............
.........†...........$...▒
......▒▒▒▒.▒▒............▒
≈≈..<.▒▒▒▒.▒▒▒▒▒8........▒
[≈..............g........▒
≈≈.....▒▒▒........g......▒
...▒▒............g.......▒▒
...▒▒▒........▒▒...........
..).....▒▒..▒▒▒▒.........▒▒
......▒.▒....▒▒..........▒
......▒.▒....▒▒.▒.▒▒▒.▒.▒▒
........▒....▒▒.▒.▒ .▒.▒


You could see 3 gnolls.


Message History

You kill the adder!
You have reached level 4!
You feel clever.
The rat squeaks loudly.
The blast of sand hits the rat!
You kill the rat!
A gnoll comes into view. It is wielding a +0 whip.
A gnoll comes into view. It is wielding a +0 spear.
There are monsters nearby!
There are monsters nearby!
You can't see any susceptible monsters within range! (Use Z to cast anyway.)
There are monsters nearby!
The blast of sand hits the gnoll but does no damage.
The gnoll shouts!
The gnoll hits you from afar with a +0 spear!
The blast of sand hits the gnoll!
The gnoll is heavily wounded.
A gnoll comes into view. It is wielding a +0 club.
The gnoll hits you from afar with a +0 spear.
* * * LOW HITPOINT WARNING * * *
The blast of sand hits the gnoll.
The gnoll is almost dead.
The gnoll shouts!
The gnoll closely misses you. The gnoll hits you with a +0 whip.
* * * LOW HITPOINT WARNING * * *
The gnoll hits you from afar with a +0 spear.
* * * LOW HITPOINT WARNING * * *
The gnoll hits you from afar with a +0 spear.
You die...

Action                     |  1- 3 |  4- 6 || total
---------------------------+-------+-------++-------
  Melee: Unarmed           |    18 |       ||    18
         Short sword       |    14 |       ||    14
         Punch             |     1 |       ||     1
   Cast: Sandblast         |    41 |     4 ||    45
 Armour: Robe              |    37 |     5 ||    42
  Dodge: Dodged            |    43 |     1 ||    44

Levels and vault maps discovered:
D:1:      grunt_arrival_lava_bath, layout_basic
D:2:      layout_rooms, corexii_item_surrounded_by_moat, minmay_pentomino_v2

Notes
Turn   | Place    | Note
-------+----------+-------------------------------------------
     0 | D:1      | sanka the Gargoyle Earth Elementalist began the quest for
                  | the Orb.
     0 | D:1      | Reached XP level 1. HP: 10/10 MP: 3/3
   160 | D:1      | Reached XP level 2. HP: 9/15 MP: 1/5
   384 | D:1      | Reached skill level 4 in Earth Magic
   385 | D:1      | Reached XP level 3. HP: 19/19 MP: 1/6
   454 | D:1      | Reached skill level 2 in Conjurations
   947 | D:2      | Reached XP level 4. HP: 24/24 MP: 5/8
   956 | D:2      | HP: 1/24 [gnoll/+0 spear (6)]
   960 | D:2      | Slain by a gnoll

Vanquished Creatures
  A gnoll (D:1)
  2 adders (D:2)
  2 dart slugs
  An endoplasm (D:2)
  2 giant cockroaches (D:1)
  2 goblins (D:2)
  A hobgoblin (D:1)
  3 jackals (D:1)
  3 kobolds (D:1)
  3 quokkas
  3 ball pythons
  4 bats (D:1)
  A frilled lizard (D:2)
  6 rats
34 creatures vanquished.
